 Dungeon Crawl Stone Soup version 0.28-a0-628-g3c9886e45e (webtiles) character file.

Game seed: 12459823597086904795

40 funkygono the Firebug (level 3, -10/19 HPs)
             Began as a Gargoyle Fire Elementalist on Oct 9, 2021.
             Mangled by an ogre (29 damage)
             ... on level 2 of the Dungeon.
             The game lasted 00:01:59 (1189 turns).

funkygono the Firebug (Gargoyle Fire Elementalist)  Turns: 1189, Time: 00:01:59

Health: -10/19     AC:  5    Str: 11    XL:     3   Next: 50%
Magic:  0/6        EV: 12    Int: 16    God:
Gold:   50         SH:  0    Dex: 10    Spells: 1/7 levels left

rFire   . . .      SeeInvis .   h - +0 club
rCold   . . .      Faith    .   (no shield)
rNeg    + . .      Spirit   .   a - +0 robe
rPois   ∞          Reflect  .   (no helmet)
rElec   +          Harm     .   (no cloak)
rCorr   .          Rampage  .   (no gloves)
Will    .....                   (no boots)
Stlth   ++........              (no amulet)
HPRegen 0.06/turn               (no ring)
MPRegen 0.10/turn               (no ring)

@: no status effects
A: sickness immunity, AC +3, negative energy resistance 1, electricity
resistance, torment resistance 1, petrification resistance
a: no special abilities


You were on level 2 of the Dungeon.
You visited 1 branch of the dungeon, and saw 2 of its levels.

You collected 50 gold pieces.

Inventory:

Hand Weapons
 h - a +0 club (weapon)
Armour
 a - a +0 robe (worn)
 d - a +0 leather armour
 g - a +0 buckler
Scrolls
 c - a scroll of noise {unknown}
 e - a scroll of vulnerability {unknown}
 f - a scroll of enchant weapon {unknown}
Potions
 b - a potion of cancellation {unknown}
 i - a potion of might {unknown}


   Skills:
 + Level 1.6 Dodging
 - Level 2.1 Stealth
 * Level 2.5 Spellcasting
 * Level 1.5 Conjurations
 * Level 3.8 Fire Magic


You had one spell level left.
You knew the following spells:

 Your Spells              Type           Power      Damage    Failure   Level
a - Foxfire               Conj/Fire      40%        2x1d6     6%          1
b - Scorch                Fire           28%        2d6       6%          2
c - Conjure Flame         Conj/Fire      10%        6-21      19%         3

Your spell library contained the following spells:

 Spells                   Type           Power      Damage    Failure   Level
 Inner Flame              Hex/Fire       8%         N/A       26%         3
 Flame Wave               Conj/Fire      10%        3d4       54%         4


Dungeon Overview and Level Annotations

Branches:
Dungeon (2/15)

Altars:


Innate Abilities, Weirdness & Mutations

You are immune to sickness and miasma.
Your stone body is resilient. (AC +3)
You are immune to poison.
You resist negative energy. (rN+)
You are resistant to electric shocks. (rElec)
You are resistant to unholy torment.
You are immune to petrification.


Message History

The jackal is heavily wounded.
The foxfire hits the jackal but does no damage.
The jackal is heavily wounded.
Casting: Foxfire (safe; 7% risk of failure)
Confirm with . or Enter, or press ? or * to list all spells.
Flames lash the jackal.
You kill the jackal!
Unknown command.
There is an open door here.
Casting: Scorch (safe; 6% risk of failure)
Confirm with . or Enter, or press ? or * to list all spells.
You conjure some foxfire!
Casting: Foxfire (safe; 6% risk of failure)
Confirm with . or Enter, or press ? or * to list all spells.
You conjure some foxfire!
The foxfire hits the ogre.
The ogre is moderately wounded.
The foxfire hits the ogre but does no damage.
The ogre is moderately wounded.
Unknown command.
The foxfire hits the ogre but does no damage.
The ogre is moderately wounded.
The foxfire hits the ogre.
The ogre is moderately wounded.
Casting: Foxfire (safe; 6% risk of failure)
Confirm with . or Enter, or press ? or * to list all spells.
You conjure some foxfire!
The foxfire hits the ogre.
The ogre is moderately wounded.
You hit the ogre.
The ogre is heavily wounded.
The foxfire hits the ogre.
The ogre is severely wounded.
The ogre barely misses you.
There is an open door here.
The ogre closely misses you.
Casting: Foxfire (safe; 6% risk of failure)
Confirm with . or Enter, or press ? or * to list all spells.
You conjure some foxfire!
The ogre hits you with a +0 giant club!!
Ouch! That really hurt!
You die...

##...## #.# ##'##
##.# #.# #..# #.#
#.## ##.## #.#
##...###### #.#
#.....#...## #.#
##...#.#.#.# #.#
##.##.O@v.#####.#
####.#)v.......#
........########
#########


You could see an ogre (ally target).

Vanquished Creatures
  An adder (D:2)
  A dart slug (D:1)
  5 bats
  3 endoplasms
  A giant cockroach (D:1)
  3 goblins
  2 jackals (D:2)
  2 quokkas (D:1)
  3 ball pythons (D:1)
  2 kobolds
  3 rats (D:1)
26 creatures vanquished.

Vanquished Creatures (others)
  60 foxfires
60 creatures vanquished.

Grand Total: 86 creatures vanquished

Notes
Turn   | Place    | Note
-------+----------+-------------------------------------------
     0 | D:1      | funkygono the Gargoyle Fire Elementalist began the quest
                  | for the Orb.
     0 | D:1      | Reached XP level 1. HP: 10/10 MP: 3/3
   189 | D:1      | Reached XP level 2. HP: 15/15 MP: 3/5
   192 | D:1      | Learned a level 2 spell: Scorch
   971 | D:2      | Reached XP level 3. HP: 19/19 MP: 4/6
   975 | D:2      | Learned a level 3 spell: Conjure Flame
  1156 | D:2      | Noticed an ogre
  1189 | D:2      | Mangled by an ogre

Illustrated notes

Levels and vault maps discovered:
D:1:      tarquinn_simple_flora_water_e, layout_loops_ring
D:2:      layout_loops_corners, chequers_ecumenical_altar_simple,
          serial_park_tiny_pond, mrwooster_statue_mirror,
          kennysheep_decorative_pillar, minmay_pentomino_o4

Action                   || total
-------------------------++-------
Melee: Unarmed           ||     3
       Club              ||     1
 Cast: Foxfire           ||    39
       Scorch            ||     6
Armor: Robe              ||     5
Dodge: Dodged            ||     7

Table legend: (Time is in decaauts)
 A = Elapsed time spent in this place.
 B = Non-inter-level travel time spent in this place.
 C = Inter-level travel time spent in this place.
 D = Time resting spent in this place.
 E = Time spent auto-exploring this place.
 F = Levels seen in this place.
 G = Mean time per level.
                   A        B        C        D        E       F      G
               +--------+--------+--------+--------+--------+-----+--------+
         Total |   1188 |   1181 |      7 |      0 |    975 |   2 |  594.0 |
       Dungeon |   1188 |   1181 |      7 |      0 |    975 |   2 |  594.0 |
               +--------+--------+--------+--------+--------+-----+--------+

Top non-repeatable levels by time:
     D:1: 958 daAuts
     D:2: 230 daAuts
